 Dungeon Sprint DCSS version 0.17.1-3-g152610e (webtiles) character file.

273 Symetrie the Polluter (level 6, -4/49 HPs)
             Began as a Naga Venom Mage on Mar 17, 2016.
             Splashed by a jelly's acid (6 damage)
             ... in the Dungeon (Sprint I: "Red Sonja").
             The game lasted 00:01:52 (316 turns).

Symetrie the Polluter (Naga Venom Mage)              Turns: 316, Time: 00:01:52

Health: -4/49      AC: -5    Str: 10    XL:     6   Next: 23%
Magic:  2/9        EV: 10    Int: 17    God:
Gold:   162        SH:  0    Dex: 12    Spells: 1 memorised, 8 levels left

rFire  . . .     SeeInvis +     k - +0 scythe
rCold  . . .     Clarity  .     a - +0 robe
rNeg   . . .     SustAt   .     (shield currently unavailable)
rPois  +         Gourm    .     (no helmet)
rElec  .         Spirit   .     (no cloak)
rCorr  .         Warding  .     (no gloves)
rMut   .         NoTele   +     (no barding)
MR     .....                    (no amulet)
Stlth  ++........               (no ring)
                                (no ring)

@: corroded equipment, very slow, not resistant to hostile enchantments,
unstealthy
A: see invisible, deformed body, poison resistance, slowness 2, slow metabolism
1, spit poison 2, AC +2
a: Spit Poison


You were in the Dungeon.
You were not hungry.

You visited 1 branch You collected 162 gold pieces.

Inventory:

Hand Weapons
 k - a +0 scythe (weapon)
Armour
 a - a +0 robe (worn)
Wands
 e - a wand of random effects (34)
Scrolls
 i - a scroll of blinking
Potions
 d - a potion of curing
 f - a potion of haste
 g - 2 potions of magic
 h - a potion of degeneration {unknown}
Books
 b - a Young Poisoner's Handbook

   Spells                             Type                      Level
   a - Sting                          Conjuration/Poison           1
   b - Cure Poison                    Poison                       2
   c - Mephitic Cloud                 Conjuration/Poison/Air       3
   d - Olgreb's Toxic Radiance        Poison                       4
   e - Venom Bolt                     Conjuration/Poison           5
Comestibles
 c - a bread ration


   Skills:
 - Level 1.5 Dodging
 - Level 3.0 Stealth
 - Level 2.0 Spellcasting
 + Level 15.9 Poison Magic


You had 8 spell levels left.
You knew the following spells:

 Your Spells              Type           Power        Failure   Level  Hunger
a - Sting                 Conj/Pois      ####         1%          1    #......


Dungeon Overview and Level Annotations

Branches:
Dungeon (1/1)

Altars:
Sif Muna


Innate Abilities, Weirdness & Mutations

You cannot wear boots.
Your serpentine skin is tough (AC +2).
You have supernaturally acute eyesight.
Armour fits poorly on your strangely shaped body.
Your system is resistant to poisons.
You cover ground very slowly.
You have a slow metabolism.
You can spit poison.


Message History

The jelly completely misses you.
There is an open door here.
The jelly closely misses you.
You see here a robe.
There is an open door, spattered with blood here.
The jelly hits you.
* * * LOW HITPOINT WARNING * * *
You are splashed with acid!
The acid corrodes you!
The acid burns!
* * * LOW HITPOINT WARNING * * *
Casting: Sting
Confirm with . or Enter, or press ? or * to list all spells.
Aiming: Sting
Press: ? - help, Shift-Dir - straight line, f/p - jelly
Aim: a jelly (heavily wounded)
The sting hits the jelly.
The jelly completely resists.
The jelly is heavily wounded.
The jelly hits you.
* * * LOW HITPOINT WARNING * * *
You are splashed with acid!
The acid burns!
You die...

################
#<.#..)@J#..'..#
#..'..#..'[.#..+
#..#####'#####'#
#..# #..# #!#
#..# #### #?#
#..# ..+ #⌠⌠#
._# #### .#+# +


You could see a jelly.

Vanquished Creatures
  Sigmund (D)
  An ogre (D)
  Ijyb (D)
3 creatures vanquished.

Notes
Turn   | Place    | Note
--------------------------------------------------------------
     0 | D        | Symetrie the Naga Venom Mage began the quest for the Orb.
     0 | D        | Reached XP level 1. HP: 15/15 MP: 3/3
     1 | D        | Noticed Ijyb
    10 | D        | Killed Ijyb
    10 | D        | Reached skill level 9 in Poison Magic
    10 | D        | Reached XP level 2. HP: 22/22 MP: 0/5
    10 | D        | Reached XP level 3. HP: 28/28 MP: 0/6
    62 | D        | Noticed an ogre
    69 | D        | Killed an ogre
    69 | D        | Reached skill level 12 in Poison Magic
    69 | D        | Reached XP level 4. HP: 20/36 MP: 0/7
    69 | D        | Reached XP level 5. HP: 23/42 MP: 0/8
   211 | D        | Noticed Sigmund
   225 | D        | Killed Sigmund
   225 | D        | Reached skill level 15 in Poison Magic
   225 | D        | Reached XP level 6. HP: 35/49 MP: 0/9
   300 | D        | Found a deep blue altar of Sif Muna.
   301 | D        | Noticed a jelly
   316 | D        | HP: 2/49 [jelly (1)]
   316 | D        | Splashed by a jelly's acid

Action                   |  1- 3 |  4- 6 || total
-------------------------+-------+-------++-------
Melee: Unarmed           |     6 |     3 ||     9
 Cast: Sting             |     8 |    17 ||    25
  Use: Potion            |     1 |     1 ||     2
